 Dungeon Crawl Stone Soup version 0.31-a0-229-g1fc7ce93e2 (webtiles) character file.

Game seed: 2516727344326715136

32 qw the Shooter (level 3, -3/21 HPs)
             Began as a Gargoyle Hexslinger on July 6, 2023.
             Slain by a hobgoblin (6 damage)
             ... led by Robin
             ... on level 2 of the Dungeon.
             The game lasted 00:00:19 (865 turns).

qw the Shooter (Gargoyle Hexslinger)                 Turns: 865, Time: 00:00:20

Health: -3/21      AC:  5    Str: 11    XL:     3   Next: 25%
Magic:  4/4        EV: 12    Int: 13    God:
Gold:   90         SH:  0    Dex: 14    Spells: 3/4 levels left

rFire   . . .        Y - +1 sling
rCold   . . .        (no shield)
rNeg    + . .        c - +0 robe
rPois   inf          (no helmet)
rElec   +            (no cloak)
rCorr   .            (no gloves)
SInv    .            (no boots)
Will    .....        (no amulet)
Stlth   +            (no ring)
HPRegen 0.23/turn    (no ring)
MPRegen 0.09/turn

%: no passive effects
@: no status effects
A: sickness immunity, AC +3, negative energy resistance 1, electricity
resistance, torment resistance 1, petrification resistance
a: no special abilities


You were on level 2 of the Dungeon.
You visited 1 branch of the dungeon, and saw 2 of its levels.

You collected 90 gold pieces.


Innate Abilities, Weirdness & Mutations

You are immune to sickness and miasma.
Your stone body is resilient. (AC +3)
You are immune to poison.
You resist negative energy. (rN+)
You are resistant to electric shocks. (rElec)
You are resistant to unholy torment.
You are immune to petrification.


   Skills:
 + Level 1.7 Fighting
 - Level 3.3 Ranged Weapons
 - Level 1.5 Dodging
 - Level 1.0 Spellcasting
 - Level 2.6 Hexes


You had 3 spell levels left.
You knew the following spells:

 Your Spells              Type           Power      Damage    Failure   Level
a - Slow                  Hex            28%        N/A       10%         1

Your spell library contained the following spells:

 Spells                   Type           Power      Damage    Failure   Level
 Inner Flame              Hex/Fire       4%         N/A       43%         3
 Portal Projectile        Hex/Tloc       8%         N/A       43%         3
 Cause Fear               Hex            3%         N/A       67%         4

Inventory:

Hand Weapons
 Y - a +1 sling (weapon)
Armour
 c - a +0 robe (worn)
Potions
 i - a potion of invisibility {unknown}
 l - a potion of attraction {unknown}

Dungeon Overview and Level Annotations

Branches:
Dungeon (2/15)

Altars:

Annotations:
D:2 Robin


Message History

Robin roars a battlecry!
The goblins go into a battle-frenzy!
You shoot a sling bullet. The sling bullet hits the goblin!
You kill the goblin!
A goblin comes into view. It is wielding a +0 dagger.
You shoot a sling bullet.
The sling bullet closely misses the goblin.
A goblin comes into view. It is wielding a +0 dagger.
You shoot a sling bullet. The sling bullet misses the goblin.
A goblin comes into view. It is wielding a +0 dagger.
You shoot a sling bullet.
The sling bullet closely misses the goblin.
The goblin shouts!
The goblin hits you but does no damage. Robin throws the goblin at you!
You shoot a sling bullet. The sling bullet hits the goblin!
You kill the goblin!
The goblin hits you but does no damage.
You shoot a sling bullet. The sling bullet hits the goblin.
The goblin is severely wounded.
The goblin hits you with a +0 dagger.
A goblin comes into view. It is wielding a +0 dagger.
You shoot a sling bullet. The sling bullet hits the goblin.
You kill the goblin!
You feel your willpower return. The goblin barely misses you.
The goblin hits you with a +0 club. The goblin barely misses you.
The hobgoblin barely misses you.
You shoot a sling bullet.
The sling bullet barely misses the goblin.
The goblin closely misses you. The hobgoblin barely misses you.
The goblin hits you with a +0 club. The goblin barely misses you.
You shoot a sling bullet. The sling bullet hits the goblin.
You kill the goblin!
The hobgoblin closely misses you. The goblin hits you with a +0 dagger.
The goblin barely misses you.
You shoot a sling bullet. The sling bullet hits the goblin.
The goblin is severely wounded.
The goblin hits you with a +0 dagger.
Robin roars a battlecry!
The hobgoblin hits you.
You die...

... ... ..# ...
..# ..... #.#
#>#.# #.# #.#.#
##.#####.. #.#.#
#.ggg.g... #.#.#
#g@#
#.#<#####>g#####.
#.#.........%)....
#.................
################.#


You could see Robin, a hobgoblin (strong) and 4 goblins.

Vanquished Creatures
  A gnoll (D:1)
  A ball python (D:1)
  A giant cockroach (D:2)
  5 goblins (D:2)
  3 hobgoblins (D:1)
  2 jackals (D:1)
  2 kobolds (D:1)
  A quokka (D:1)
  2 bats (D:1)
  A frilled lizard (D:1)
19 creatures vanquished.

Notes
Turn   | Place    | Note
-------+----------+-------------------------------------------
     0 | D:1      | qw the Gargoyle Hexslinger began the quest for the Orb.
     0 | D:1      | Reached XP level 1. HP: 12/12 MP: 2/2
     0 | D:1      | 0 ||| qw: Version: 0.3-a-46-gb1f654a
     0 | D:1      | 0 ||| qw: Game counter: 1566
     0 | D:1      | 0 ||| qw: Melee chars always use a shield: true
     0 | D:1      | 0 ||| qw: God list: Okawaru
     0 | D:1      | 0 ||| qw: Allow faded altars: false
     0 | D:1      | 0 ||| qw: Do Orc after clearing Dungeon:15 true
     0 | D:1      | 0 ||| qw: Do second Lair branch before Depths: true
     0 | D:1      | 0 ||| qw: Lair rune preference: random
     0 | D:1      | 0 ||| qw: Goals: Normal
     0 | D:1      | 0 ||| PLANNING D:1-11
   189 | D:1      | Reached XP level 2. HP: 16/16 MP: 3/3
   521 | D:1      | Reached skill level 3 in Ranged Weapons
   596 | D:1      | Reached XP level 3. HP: 20/20 MP: 4/4
   716 | D:1      | 716 ||| READING scroll labelled LOESHA LOTESIY.
   717 | D:1      | 717 ||| READING scroll labelled OFUKAPN HECK.
   720 | D:1      | 720 ||| READING scroll labelled HEUTUT WOSK.
   821 | D:1      | 821 ||| READING scroll labelled HEGO VUEME.
   822 | D:1      | 822 ||| READING scroll labelled GESYGR XEICIK.
   823 | D:1      | 823 ||| READING scroll labelled ZESUQI QANLIYRPH.
   824 | D:1      | 824 ||| DRINKING 2 green potions.
   825 | D:1      | 825 ||| DROPPING scroll of poison.
   826 | D:1      | 826 ||| DROPPING potion of magic.
   854 | D:2      | Noticed Robin
   865 | D:2      | HP: 3/21 [goblin/+0 dagger[Robin] (4)]
   865 | D:2      | Slain by a hobgoblin

Levels and vault maps discovered:
D:1:      lemuel_arrival_broad_hall, layout_loops_ring
D:2:      layout_loops_ring, minmay_hexomino_p4, uniq_robin

Skill      XL: |  1  2 |
---------------+-------+-----
Ranged Weapons | 3 |  3.3
Fighting       | |  1.7
Dodging        | |  1.5
Spellcasting   | |  1.0
Hexes          | |  2.6

Action                     || total
---------------------------++-------
   Fire: Sling             ||    81
    Use: Scroll            ||     6
         Potion            ||     1
 Armour: Robe              ||    15
  Dodge: Dodged            ||    32

Table legend:
 A = Non-vault XP
 B = Vault XP
 C = Vault XP percentage of total XP
 D = Non-vault monster count
 E = Vault monster count
 F = Vault count percentage of total count
                 A         B        C        D         E       F
            +---------+---------+-------+---------+---------+-------
      Total |      37 |       9 |  19.6 |      14 |       5 |  26.3
            +---------+---------+-------+---------+---------+-------
        D:1 |      35 |       0 |   0.0 |      13 |       0 |   0.0
        D:2 |       2 |       9 |  81.8 |       1 |       5 |  83.3
            +---------+---------+-------+---------+---------+-------
